 Dungeon Crawl Stone Soup version 0.21-a0-509-gecc5317 (webtiles) character file.

102 Gerstahl the Slasher (level 4, -6/44 HPs)
             Began as a Naga Monk on Nov 30, 2017.
             Mangled by an ogre
             ... wielding a +0 giant spiked club
              (12 damage)
             ... on level 2 of the Dungeon.
             The game lasted 00:03:45 (1558 turns).

Gerstahl the Slasher (Naga Monk)                    Turns: 1558, Time: 00:03:46

Health: -6/44      AC:  7    Str: 14    XL:     4   Next: 77%
Magic:  4/4        EV:  8    Int: 10    God:
Gold:   49         SH:  0    Dex: 14    Spells: 3/3 levels left

rFire    . . .     SeeInvis +   a - +0 falchion
rCold    . . .     Gourm    .   (no shield)
rNeg     . . .     Faith    .   f - +0 leather armour (curse)
rPois    +         Spirit   .   q - +0 helmet
rElec    .         Reflect  .   (no cloak)
rCorr    .         Harm     .   (no gloves)
MR       .....                  e - +0 naga barding
Stlth    ++........             (no amulet)
HPRegen  0.14/turn              (no ring)
MPRegen  0.09/turn              (no ring)

@: very slow
A: large, see invisible, deformed body, poison resistance, slowness 2, slow
metabolism 1, spit poison 1, AC +1
a: Spit Poison


You were on level 2 of the Dungeon.
You were not hungry.

You visited 1 branch of the dungeon, and saw 2 of its levels.

You collected 49 gold pieces.

Inventory:

Hand Weapons
 a - a +0 falchion (weapon)
Armour
 b - a +0 robe
 e - a +0 naga barding (worn)
 f - a cursed +0 leather armour (worn)
 p - a +0 animal skin
 q - a +0 helmet (worn)
Wands
 j - a wand of flame (26)
Scrolls
 d - 5 scrolls of teleportation {unknown}
 h - 3 scrolls of identify {unknown}
 i - a scroll of remove curse {unknown}
 k - 2 scrolls of fear {unknown}
 m - a scroll of blinking {unknown}
Potions
 g - 4 potions of lignification {unknown}
 n - 2 potions of curing {unknown}
Comestibles
 c - 4 bread rations
 l - 2 royal jellies
 o - 7 chunks of flesh


   Skills:
 + Level 4.3 Fighting
 + Level 4.3 Long Blades
 - Level 2.4 Dodging
 - Level 3.0 Stealth


You had 3 spell levels left.
You didn't know any spells.

Dungeon Overview and Level Annotations

Branches:
Dungeon (2/15)

Altars:
Nemelex Xobeh


Innate Abilities, Weirdness & Mutations

You cannot wear boots.
Your serpentine skin is tough. (AC +1)
You have supernaturally acute eyesight. (SInv)
Armour fits poorly on your strangely shaped body.
Your system is resistant to poisons. (rPois)
You cover ground very slowly.
You have a slow metabolism.
You can spit poison.


Message History

Press: ? - help, Shift-Dir - straight line, f - ogre
Aim: an ogre, wielding a giant spiked club The splash of poison hits the ogre.
The ogre is poisoned.
The ogre is moderately wounded.
You feel slightly more hungry.
You hit the ogre.
The ogre is heavily wounded.
The ogre completely misses you.
You hit the ogre but do no damage.
The ogre is heavily wounded.
You have got your breath back.
The ogre hits you but does no damage.
You hit the ogre.
The ogre is heavily wounded.
The ogre hits you with a giant spiked club!
* * * LOW HITPOINT WARNING * * *
You hit the ogre.
The ogre is severely wounded.
The ogre hits you with a giant spiked club!
You die...

......#..
#.#
#.....#...
#.#
#....## ##
#.#
##.....
#.#
##...###
#.# .....#
#.# #.....
#.# .# #.#
#@#
......O.#
..#######
# # #


You could see an ogre.

Vanquished Creatures
  Jessica (D:2)
  Robin (D:2)
  An adder (D:2)
  4 dart slugs
  6 bats
  A giant cockroach (D:2)
  10 goblins
  2 hobgoblins (D:2)
  7 jackals
  4 kobolds
  2 quokkas (D:2)
  A frilled lizard (D:1)
  5 rats
45 creatures vanquished.

Notes
Turn   | Place    | Note
-------+----------+-------------------------------------------
     0 | D:1      | Gerstahl the Naga Monk began the quest for the Orb.
     0 | D:1      | Reached XP level 1. HP: 21/21 MP: 1/1
    56 | D:1      | Reached XP level 2. HP: 17/28 MP: 2/2
   574 | D:1      | Reached XP level 3. HP: 31/34 MP: 3/3
   816 | D:2      | Noticed Jessica
   826 | D:2      | Killed Jessica
  1121 | D:2      | Found a sparkling altar of Nemelex Xobeh.
  1186 | D:2      | Reached XP level 4. HP: 42/44 MP: 4/4
  1489 | D:2      | Noticed Robin
  1505 | D:2      | Killed Robin
  1553 | D:2      | Noticed an ogre
  1558 | D:2      | Mangled by an ogre

Vault maps used:
D:1:      scummos_arrival_simple_fountains, kennysheep_decorative_pillar,
          minmay_misc_feat_roman
D:2:      first_bread, minmay_misc_feat_chi, nemelex_xobeh_ov_fountains_minmay,
          uniq_robin, uniq_jessica

Skill      XL: |  1  2  3 |
---------------+----------+-----
Fighting       | 4 |  4.3
Long Blades    | 4 |  4.3
Dodging        | |  2.4
Stealth        | |  3.0

Action                   |  1- 3 |  4- 6 || total
-------------------------+-------+-------++-------
Melee: Falchion          |    71 |    46 ||   117
 Abil: Spit Poison       |    12 |    10 ||    22
 Stab: Sleeping          |     3 |     1 ||     4
  Eat: Chunk             |     1 |     2 ||     3
Armor: Robe              |     3 |       ||     3
       Leather armour    |    35 |    29 ||    64
Dodge: Dodged            |    35 |    23 ||    58
       Rpst.: Falchion   |    10 |     5 ||    15

Table legend:
 A = Spawn XP
 B = Non-spawn XP
 C = Spawn XP percentage of total XP
 D = Spawn monster count
 E = Non-spawn monster count
 F = Spawn count percentage of total count
 G = Total turns spent on level
                    A         B        C        D         E        F      G
               +---------+---------+-------+---------+---------+-------+---------
         Total |       0 |     146 |   0.0 |       0 |      45 |   0.0 |  1558
               +---------+---------+-------+---------+---------+-------+---------
           D:1 |       0 |      35 |   0.0 |       0 |      17 |   0.0 |   766
           D:2 |       0 |     111 |   0.0 |       0 |      28 |   0.0 |   792
               +---------+---------+-------+---------+---------+-------+---------
